 Dungeon Crawl Stone Soup version 0.25-a0-1133-g93ebf739aa (webtiles) character file.

Game seed: 3061537872751327601, levelgen mode: deterministic

4 vurker the Charlatan (level 1, -1/15 HPs)
             Began as a Barachi Artificer on May 21, 2020.
             Slain by a goblin
             ... wielding a +0 dagger
              (2 damage)
             ... on level 1 of the Dungeon.
             The game lasted 00:00:29 (48 turns).

vurker the Charlatan (Barachi Artificer)              Turns: 48, Time: 00:00:30

Health: -1/15      AC:  3    Str: 13    XL:     1   Next: 70%
Magic:  3/3        EV: 12    Int: 11    God:
Gold:   0          SH:  0    Dex: 12    Spells: 0/0 levels left

rFire    . . .     SeeInvis .   a - +0 short sword
rCold    . . .     Gourm    .   (no shield)
rNeg     . . .     Faith    .   b - +0 leather armour
rPois    .         Spirit   .   (no helmet)
rElec    .         Reflect  .   (no cloak)
rCorr    .         Harm     .   (no gloves)
MR       .....                  (no boots)
Stlth    +.........             (no amulet)
HPRegen  0.05/turn              (no ring)
MPRegen  0.08/turn              (no ring)

@: slow
A: +LOS, swims, slowness 1, strong legs 1
a: Hop


You were on level 1 of the Dungeon.
You were not hungry.

You visited 1 branch of the dungeon, and saw 1 of its levels.

Inventory:

Hand Weapons
 a - a +0 short sword (weapon)
Armour
 b - a +0 leather armour (worn)
Wands
 d - a wand of enslavement (15)
 f - a wand of random effects (15)
 t - a wand of flame (15)
Comestibles
 c - a chunk of flesh
 e - a ration


   Skills:
 + Level 1.4 Fighting
 - Level 1.1 Short Blades
 + Level 0.4 Armour
 + Level 2.3 Dodging
 - Level 0.8 Stealth
 + Level 3.3 Evocations


You couldn't memorise any spells.
You didn't know any spells.
Your spell library was empty.

Dungeon Overview and Level Annotations

Branches:
Dungeon (1/15)

Altars:


Innate Abilities, Weirdness & Mutations

You can be seen from farther away. (+LOS)
You can swim through water.
You cover ground slowly.
You can hop short distances.


Message History

The kobold barely misses you.
You hit the kobold. The bat closely misses you. The kobold hits you.
You hit the kobold. The bat closely misses you. The kobold hits you.
You closely miss the kobold. The bat hits you but does no damage.
The kobold hits you.
* * * LOW HITPOINT WARNING * * *
You hit the kobold.
You kill the kobold!
The bat barely misses you.
You closely miss the bat. The bat barely misses you.
You barely miss the bat. The bat hits you but does no damage.
The bat barely misses you. The bat hits you but does no damage.
You see here a rat corpse.
You barely miss the bat. The bat completely misses you.
The bat hits you but does no damage.
You hit the bat.
You kill the bat!
You butcher the rat corpse.
c - a chunk of flesh You see here a rat skeleton.
A hobgoblin comes into view. It is wielding a +0 club.
Things that are here:
a blackened garnet ring; a bat corpse You butcher the bat corpse.
The hobgoblin shouts!
A goblin comes into view. It is wielding a +0 dagger.
Things that are here:
a blackened garnet ring; a chunk of flesh; a bat skeleton You are too injured to fight recklessly!
You see here a rat corpse.
You butcher the rat corpse.
Things that are here:
a chunk of flesh; a rat skeleton The hobgoblin hits you but does no damage.
You closely miss the hobgoblin.
The goblin shouts!
The hobgoblin closely misses you.
You hit the hobgoblin. The hobgoblin barely misses you.
You closely miss the hobgoblin. The hobgoblin closely misses you.
You barely miss the hobgoblin. The hobgoblin hits you with a +0 club.
* * * LOW HITPOINT WARNING * * *
You hit the hobgoblin.
You kill the hobgoblin!
You see here a +0 club.
You barely miss the goblin. The goblin barely misses you.
You barely miss the goblin. The goblin hits you with a +0 dagger.
* * * LOW HITPOINT WARNING * * *
You barely miss the goblin. The goblin hits you with a +0 dagger.
You die...

#....##+##.....#
#...........##.#
#...........##.#
#...........##.#
#...........##.#
#.....=†....##.#
####..÷..%..##.#
..........#g.###.###
..........##@# #...#
..........##.###.#<#
..........##.....###
##........##.....#
..........###....#
...............#.#
..........#..#.#.#
....#.#.# .....#...#


You could see a goblin.

Vanquished Creatures
  A hobgoblin (D:1)
  A kobold (D:1)
  A bat (D:1)
  2 rats (D:1)
5 creatures vanquished.

Notes
Turn   | Place    | Note
-------+----------+-------------------------------------------
     0 | D:1      | vurker the Barachi Artificer began the quest for the Orb.
     0 | D:1      | Reached XP level 1. HP: 15/15 MP: 3/3
    48 | D:1      | Slain by a goblin

Illustrated notes

Levels and vault maps discovered:
D:1:      dpeg_arrival_tiny_a, layout_basic, kennysheep_doodads

Action                   || total
-------------------------++-------
Melee: Short sword       ||    20
Armor: Leather armour    ||     5
Dodge: Dodged            ||    13

Table legend:
 A = Non-vault XP
 B = Vault XP
 C = Vault XP percentage of total XP
 D = Non-vault monster count
 E = Vault monster count
 F = Vault count percentage of total count
                 A         B        C        D         E       F
            +---------+---------+-------+---------+---------+-------
      Total |       7 |       0 |   0.0 |       5 |       0 |   0.0
            +---------+---------+-------+---------+---------+-------
        D:1 |       7 |       0 |   0.0 |       5 |       0 |   0.0
            +---------+---------+-------+---------+---------+-------
